 Dungeon Crawl Stone Soup version 0.32-a0-720-g1d96ad0 (webtiles) character file.

Game seed: 771597194405590183

1213 PidgeyThePirate the Skirmisher (level 8, -1/58 HPs)
             Began as a Coglin Hunter on Mar 16, 2024.
             Slain by Duvessa
             ... wielding a +3 short sword of venom
              (11 damage)
             ... on level 6 of the Dungeon.
             The game lasted 00:09:44 (4590 turns).

PidgeyThePirate the Skirmisher (Coglin Hunter)      Turns: 4590, Time: 00:09:45

Health: -1/58      AC:  4    Str: 15    XL:     8   Next: 46%
Magic:  8/8        EV: 11    Int:  8    God:
Gold:   227        SH:  0    Dex: 17    Spells: 7/7 levels left

rFire   . . .        a - +2 sling {Shu}
rCold   . . .        d - +0 sling {Tlaloc}
rNeg    . . .        c - +0 leather armour
rPois   .            (no helmet)
rElec   .            (no cloak)
rCorr   .            o - +0 pair of gloves
SInv    .            (no boots)
Will    .....        (amulet unavailable)
Stlth   ++           (ring unavailable)
HPRegen 0.29/turn    (ring unavailable)
MPRegen 0.11/turn    (no gizmo)

%: no passive effects
@: revving
A: off-hand wielding, slow wielding, warmup strikes, no jewellery
a: Invent Gizmo


You were on level 6 of the Dungeon.
You visited 1 branch of the dungeon, and saw 6 of its levels.

You collected 227 gold pieces.

Inventory:

Hand Weapons
 a - a +2 sling (weapon) {Shu}
 d - a +0 sling (offhand) {Tlaloc}
Armour
 c - a +0 leather armour (worn)
 o - a +0 pair of gloves (worn)
Wands
 p - a wand of paralysis (2)
 r - a wand of roots (9)
Scrolls
 b - a scroll of poison {unknown}
 f - 2 scrolls of immolation {unknown}
 g - 2 scrolls of teleportation {unknown}
 i - 7 scrolls of identify {unknown}
 m - a scroll of revelation {unknown}
 n - 2 scrolls of fear
 q - a scroll of blinking {unknown}
 t - 2 scrolls of amnesia {unknown}
 u - a scroll of enchant armour {unknown}
 v - a scroll of noise {unknown}
Potions
 e - 2 potions of degeneration {unknown}
 h - a potion of cancellation
 j - 3 potions of haste {unknown}
 k - a potion of curing
 l - a potion of lignification {unknown}
 s - 2 potions of ambrosia {unknown}
 w - a potion of attraction {unknown}


   Skills:
 + Level 3.5 Fighting
 * Level 8.9 Ranged Weapons
 + Level 1.4 Armour
 + Level 2.2 Dodging
 - Level 1.1 Stealth
 + Level 2.0 Evocations


You had 7 spell levels left.
You didn't know any spells.
Your spell library contained the following spells:

 Spells                   Type           Power      Damage    Failure   Level
 Cause Fear               Hex            0%         N/A       99%         4
 Borgnjor's Vile Clutch   Necr/Erth      0%         N/A       100%        5
 Curse of Agony           Necr           0%         N/A       100%        5
 Fireball                 Conj/Fire      0%         3d3       100%        5
 Haunt                    Necr/Summ      0%         N/A       100%        7
 Dragon's Call            Summ           0%         N/A       100%        9


Dungeon Overview and Level Annotations

Branches:
Dungeon (6/15)
 Temple: D:4-7

Altars:

Portals:
Abyss: D:4

Annotations:
D:4 2 transporters, Dega's ghost, amateur OpFi
D:6 Duvessa


Innate Abilities, Weirdness & Mutations

You can wield a second weapon in your off-hand.
It takes a long time for you to wield or remove held weapons.
Your first few attacks do less damage.
You cannot equip rings or amulets.


Message History

Press: ? - help, Shift-Dir - straight line, f/p - Duvessa
Aim: Duvessa, wielding a +3 short sword of venom and wearing a +0 leather armour (severely wounded, berserk)
The roots erupt in riotous growth!
Roots grab Duvessa.
The grasping roots constrict Duvessa.
Duvessa escapes!
Aiming: Fastroot
Press: ? - help, Shift-Dir - straight line, f/p - Duvessa
Aim: Duvessa, wielding a +3 short sword of venom and wearing a +0 leather armour (severely wounded, berserk)
The roots erupt in riotous growth!
Roots grab Duvessa.
The grasping roots constrict Duvessa!
Duvessa escapes!
Duvessa hits you with a +3 short sword of venom!
You are poisoned.
Fire: a) +2 sling {Shu}
Press: ? - help, Q - select action, (/) - cycle Shift-Dir - straight line, f/p - Duvessa
Aim: Duvessa, wielding a +3 short sword of venom and wearing a +0 leather armour (almost dead, berserk, 69% to hit)
You shoot a sling bullet.
The sling bullet hits Duvessa but does no damage.
Duvessa is almost dead.
You shoot a sling bullet. The sling bullet barely misses Duvessa.
You feel very sick.
Duvessa hits you with a +3 short sword of venom!
You are lethally poisoned!
Unknown command.
Fire: a) +2 sling {Shu}
Press: ? - help, Q - select action, (/) - cycle Shift-Dir - straight line, f/p - Duvessa
Aim: Duvessa, wielding a +3 short sword of venom and wearing a +0 leather armour (almost dead, berserk, 69% to hit)
You shoot a sling bullet.
The sling bullet hits Duvessa but does no damage.
Duvessa is almost dead.
You shoot a sling bullet.
The sling bullet closely misses Duvessa.
* * * LOW HITPOINT WARNING * * *
You feel extremely sick.
Duvessa hits you with a +3 short sword of venom!
* * * LOW HITPOINT WARNING * * *
You feel better.
Duvessa hits you with a +3 short sword of venom!
You die...

.. .. ).
####.#
#..#.#
#.<#.#
#).#e#
#..@.#
#..#...#
#......#.#
######## #


You could see Duvessa (berserk).

Vanquished Creatures
  Pikel (D:4)
  A water moccasin (D:4)
  2 black bears
  2 lemures (D:4)
  Dowan (D:6)
  A howler monkey (D:5)
  3 hounds
  2 jellies
  An iguana (D:5)
  A sleepcap (D:5)
  6 adders
  4 gnolls
  A shadow imp (D:5)
  2 dart slugs
  A ribbon worm (D:4)
  8 orcs
  6 ball pythons
  4 endoplasms
  4 giant cockroaches
  6 goblins
  6 hobgoblins
  7 jackals
  5 quokkas
  4 bats
  2 frilled lizards (D:3)
  5 kobolds
  7 rats
93 creatures vanquished.

Notes
Turn   | Place    | Note
-------+----------+-------------------------------------------
     0 | D:1      | PidgeyThePirate the Coglin Hunter began the quest for the
                  | Orb.
     0 | D:1      | Reached XP level 1. HP: 16/16 MP: 1/1
   137 | D:1      | Reached skill level 4 in Ranged Weapons
   137 | D:1      | Reached XP level 2. HP: 22/22 MP: 2/2
   454 | D:1      | Found a faded altar of an unknown god.
  1048 | D:2      | Reached XP level 3. HP: 27/27 MP: 3/3
  1247 | D:2      | Got the Vellum of Bones
  1676 | D:2      | Reached XP level 4. HP: 34/34 MP: 4/4
  2678 | D:4      | Noticed a black bear
  2680 | D:4      | Reached skill level 5 in Ranged Weapons
  2686 | D:4      | Killed a black bear
  2687 | D:4      | Reached skill level 1 in Armour
  2687 | D:4      | Reached skill level 1 in Stealth
  2687 | D:4      | Reached XP level 5. HP: 26/40 MP: 5/5
  2786 | D:5      | Entered Level 5 of the Dungeon
  2788 | D:5      | Noticed a water moccasin
  2976 | D:4      | Reached XP level 6. HP: 46/46 MP: 6/6
  3068 | D:4      | Killed a water moccasin
  3069 | D:4      | Reached skill level 6 in Ranged Weapons
  3089 | D:4      | Noticed Pikel
  3122 | D:4      | Killed Pikel
  3123 | D:4      | Reached skill level 7 in Ranged Weapons
  3123 | D:4      | Reached skill level 1 in Evocations
  3123 | D:4      | Reached XP level 7. HP: 8/52 MP: 7/7
  3387 | D:4      | Found a transporter.
  3389 | D:4      | Noticed a small abomination
  3396 | D:4      | Found a one-way gate to the infinite horrors of the Abyss.
  3396 | D:4      | Noticed Dega's ghost (amateur OpFi)
  3414 | D:4      | Found a transporter.
  3637 | D:5      | Reached XP level 8. HP: 56/58 MP: 8/8
  3730 | D:5      | Reached skill level 8 in Ranged Weapons
  4580 | D:6      | Noticed Dowan
  4581 | D:6      | Noticed Duvessa
  4584 | D:6      | Killed Dowan
  4590 | D:6      | Slain by Duvessa

Illustrated notes

Levels and vault maps discovered:
D:1:      mrwooster_arrival_statue, layout_basic,
          hellmonk_ecumenical_altar_inner_sanctum
D:2:      layout_loops_corners, nicolae_houndstooth_variations
D:3:      layout_basic
D:4:      layout_rooms, gammafunk_ghost_abyssal_escape, mrwooster_statue_mirror,
          uniq_pikel
D:5:      layout_layer_cave
D:6:      layout_basic, nicolae_yredelemnul_corpse_copse, uniq_duvessa

Skill      XL: |  1  2  3  4  5  6  7  8 |
---------------+-------------------------+-----
Ranged Weapons | 4 5 7 8 |  8.9
Armour         | 1 |  1.4
Stealth        | 1 |  1.1
Fighting       | 3 |  3.5
Dodging        | 2 |  2.2
Evocations     | 1 2 |  2.0

Action                     |  1- 3 |  4- 6 |  7- 9 || total
---------------------------+-------+-------+-------++-------
   Fire: Sling             |   138 |   152 |   176 ||   466
  Evoke: Wand              |       |     9 |     6 ||    15
    Use: Scroll            |       |     2 |       ||     2
         Potion            |       |     2 |     1 ||     3
 Armour: Leather armour    |    12 |    25 |    27 ||    64
  Dodge: Dodged            |    14 |    15 |    16 ||    45

Table legend: (Time is in decaauts)
 A = Elapsed time spent in this place.
 B = Non-inter-level travel time spent in this place.
 C = Inter-level travel time spent in this place.
 D = Time resting spent in this place.
 E = Time spent auto-exploring this place.
 F = Levels seen in this place.
 G = Mean time per level.
                   A        B        C        D        E       F      G
               +--------+--------+--------+--------+--------+-----+--------+
         Total |   4618 |   4264 |    354 |      0 |   3716 |   6 |  769.7 |
       Dungeon |   4618 |   4264 |    354 |      0 |   3716 |   6 |  769.7 |
               +--------+--------+--------+--------+--------+-----+--------+

Top non-repeatable levels by time:
     D:1: 1051 daAuts
     D:2: 1029 daAuts
     D:5: 951 daAuts
     D:3: 857 daAuts
     D:4: 716 daAuts
     D:6: 12 daAuts
